 Dungeon Crawl Stone Soup version 0.23-b1-6-ga921848b48 (webtiles) character file.

Game seed: 17755681592703983655

103 Ihlosi the Skirmisher (level 5, 0/33 HPs)
             Began as a Kobold Fighter on Feb 1, 2019.
             Succumbed to an adder's poison
             ... on level 2 of the Dungeon.
             The game lasted 00:03:34 (1949 turns).

Ihlosi the Skirmisher (Kobold Fighter)              Turns: 1949, Time: 00:03:35

Health: 0/33       AC:  6    Str: 20    XL:     5   Next: 6%
Magic:  5/5        EV:  9    Int:  9    God:
Gold:   63         SH: 10    Dex: 14    Spells: 4/4 levels left

rFire    . . .     SeeInvis .   a - +0 flail
rCold    . . .     Gourm    .   c - +0 shield
rNeg     . . .     Faith    .   b - +0 scale mail
rPois    .         Spirit   .   (no helmet)
rElec    .         Reflect  .   (no cloak)
rCorr    .         Harm     .   (no gloves)
MR       .....                  (no boots)
Stlth    ..........             (no amulet)
HPRegen  0.11/turn              (no ring)
MPRegen  0.09/turn              (no ring)

@: mighty, lethally poisoned (0 -> -3), flying
A: small, carnivore
a: no special abilities


You were on level 2 of the Dungeon.
You were completely stuffed.

You visited 1 branch of the dungeon, and saw 2 of its levels.

You collected 63 gold pieces.

Inventory:

Hand Weapons
 a - a +0 flail (weapon)
Missiles
 h - 38 bolts
Armour
 b - a +0 scale mail (worn)
 c - a +0 shield (worn)
Jewellery
 j - an uncursed ring of ice
Scrolls
 e - 2 scrolls of identify {unknown}
 g - 3 scrolls of enchant weapon {unknown}
 i - a scroll of blinking {unknown}
 l - a scroll of remove curse {unknown}
 m - a scroll of teleportation {unknown}
 n - a scroll of fear {unknown}
Potions
 k - a potion of flight
Comestibles
 f - 2 rations


   Skills:
 * Level 3.8 Fighting
 * Level 2.8 Maces & Flails
 * Level 2.9 Armour
 * Level 1.2 Dodging
 * Level 3.0 Shields


You had 4 spell levels left.
You didn't know any spells.
Your spell library was empty.

Dungeon Overview and Level Annotations

Branches:
Dungeon (2/15)

Altars:
Hepliaklqana


Innate Abilities, Weirdness & Mutations

You are small and have problems with some larger weapons.
You are carnivorous and can eat meat at any time.


Message History

You have reached level 5!
You feel stronger.
* * * LOW HITPOINT WARNING * * *
You feel sick.
There is a lethal amount of poison in your body!
There is a lethal amount of poison in your body!
There is a lethal amount of poison in your body!
* * * LOW HITPOINT WARNING * * *
You feel sick.
* * * LOW HITPOINT WARNING * * *
You feel sick.
* * * LOW HITPOINT WARNING * * *
You feel sick.
* * * LOW HITPOINT WARNING * * *
You feel sick.
* * * LOW HITPOINT WARNING * * *
You feel sick.
* * * LOW HITPOINT WARNING * * *
You feel sick.
You die...

#..#.# #..# #.# ##.#.#
#..# #.# ...#.# #.## #.#
#.## #.# #.# ...#.
#.#####.#
.....##########.......#
...#............#...###
#####..##.##..###.#.#
#...........@...#
####.####.####..#
#.##.....##.##
#######.#.......#.#
#.......#.......#[#
##..........._.....#
.........#.......#.#######
#........#...)...#.......#
.........##.....##..####.#


There were no monsters in sight!

Vanquished Creatures
  Jessica (D:2)
  3 adders (D:2)
  A worm (D:1)
  3 leopard geckos (D:1)
  6 bats (D:1)
  4 giant cockroaches (D:1)
  4 goblins
  5 hobgoblins
  4 jackals (D:1)
  A kobold (D:1)
  A ball python (D:1)
  3 frilled lizards (D:1)
  7 rats
43 creatures vanquished.

Notes
Turn   | Place    | Note
-------+----------+-------------------------------------------
     0 | D:1      | Ihlosi the Kobold Fighter began the quest for the Orb.
     0 | D:1      | Reached XP level 1. HP: 14/14 MP: 1/1
   179 | D:1      | Reached XP level 2. HP: 16/19 MP: 2/2
   480 | D:1      | Reached XP level 3. HP: 15/23 MP: 3/3
  1526 | D:2      | Reached XP level 4. HP: 23/29 MP: 4/4
  1661 | D:2      | Reached skill level 1 in Dodging
  1824 | D:2      | Found a hazy altar of Hepliaklqana.
  1824 | D:2      | Noticed Jessica
  1833 | D:2      | Killed Jessica
  1934 | D:2      | Reached XP level 5. HP: 6/33 MP: 5/5
  1943 | D:2      | HP: 1/33 [poisoned by an adder]
  1949 | D:2      | Succumbed to an adder's poison

Skill      XL: |  1  2  3  4 |
---------------+-------------+-----
Maces & Flails | 2 |  2.8
Dodging        | 1 |  1.2
Shields        | 3 |  3.0
Fighting       | |  3.8
Armour         | |  2.9

Action                   |  1- 3 |  4- 6 || total
-------------------------+-------+-------++-------
Melee: Flail             |   139 |    30 ||   169
  Use: Potion            |       |     2 ||     2
  Eat: Chunk             |     9 |     3 ||    12
Armor: Scale mail        |    72 |     8 ||    80
Dodge: Dodged            |    59 |    12 ||    71
Block: Shield            |    84 |    12 ||    96
